 Dungeon Crawl Stone Soup version 0.22.0-78-g6c94d2c (webtiles) character file.

124 inc the Magician (level 4, -2/30 HPs)
             Began as a Mummy Fire Elementalist on Sept 15, 2018.
             Slain by an adder (4 damage)
             ... on level 2 of the Dungeon on Sept 16, 2018.
             The game lasted 00:04:57 (2471 turns).

inc the Magician (Mummy Fire Elementalist)          Turns: 2471, Time: 00:04:58

Health: -2/30      AC:  2    Str: 11    XL:     4   Next: 81%
Magic:  0/9        EV: 12    Int: 15    God:
Gold:   101        SH:  0    Dex: 12    Spells: 8/9 levels left

rFire    x . .     SeeInvis .   e - +0 short sword
rCold    + . .     Gourm    .   (no shield)
rNeg     + + +     Faith    .   a - +0 robe
rPois    ∞         Spirit   .   (no helmet)
rElec    .         Reflect  .   (no cloak)
rCorr    .         Harm     .   (no gloves)
MR       .....                  (no boots)
Stlth    ++........             (no amulet)
HPRegen  0.10/turn              (no ring)
MPRegen  0.11/turn              (no ring)

@: no status effects
A: no food or potions, fire vulnerability, cold resistance 1, negative energy
resistance 3, torment resistance, unbreathing
a: no special abilities


You were on level 2 of the Dungeon.
You were not hungry.

You visited 1 branch of the dungeon, and saw 3 of its levels.

You collected 101 gold pieces.

Inventory:

Hand Weapons
 b - a -2 dagger
 e - a +0 short sword (weapon)
Armour
 a - a +0 robe (worn)
Jewellery
 d - a cursed amulet of inaccuracy {unknown}
Scrolls
 f - a scroll of identify {unknown}
 g - a scroll of enchant armour {unknown}
 h - a scroll of random uselessness {unknown}
 i - a scroll of fog {unknown}
 k - a scroll of enchant weapon {unknown}
 m - a scroll of teleportation {unknown}
Potions
 j - a potion of cancellation {unknown}
 l - a potion of agility {unknown}
 n - a potion of lignification {unknown}
 o - a potion of heal wounds {unknown}
Comestibles
 c - 5 rations


   Skills:
 - Level 1.5 Dodging
 - Level 1.5 Stealth
 + Level 3.4 Spellcasting
 + Level 3.2 Conjurations
 + Level 2.8 Fire Magic


You had 8 spell levels left.
You knew the following spells:

 Your Spells              Type           Power        Failure   Level  Hunger
a - Flame Tongue          Conj/Fire      ##...        5%          1    N/A

Your spell library contained the following spells:

 Spells                   Type           Power        Failure   Level  Hunger
 Throw Flame              Conj/Fire      ##....       9%          2    N/A
 Conjure Flame            Conj/Fire      ##......     16%         3    N/A
 Inner Flame              Hex/Fire       #.......     32%         3    N/A
 Sticky Flame             Conj/Fire      ##......     47%         4    N/A
 Fireball                 Conj/Fire      ##........   83%         5    N/A

Dungeon Overview and Level Annotations

Branches:
Dungeon (3/15)

Altars:
Nemelex Xobeh


Innate Abilities, Weirdness & Mutations

You do not eat or drink.
Your flesh is vulnerable to fire.
You are immune to poison.
Your flesh is cold resistant. (rC+)
You are immune to negative energy. (rN+++)
You are immune to unholy pain and torment.
You can survive without breathing.


Message History

The flame tongue misses the adder.
The adder barely misses you. x2
Casting: Flame Tongue (safe; 5% risk of failure)
Confirm with . or Enter, or press ? or * to list all spells.
You don't have enough magic to cast that spell.
The adder bites you.
* * * LOW HITPOINT WARNING * * *
Casting: Flame Tongue (safe; 5% risk of failure)
Confirm with . or Enter, or press ? or * to list all spells.
You don't have enough magic to cast that spell.
Casting: Flame Tongue (safe; 5% risk of failure)
Confirm with . or Enter, or press ? or * to list all spells.
Aiming: Flame Tongue (safe; 5% risk of failure)
Press: ? - help, Shift-Dir - straight line, f/p - adder
Aim: an adder (lightly wounded)
The flame tongue hits the adder.
The adder is severely wounded.
The adder bites you.
* * * LOW HITPOINT WARNING * * *
The adder bites you.
You die...

.# #.###..# .# #.#
#..# .# #.# #..# .#
#.# ##># .###.#
#.######### .....#
#.........# .#####
#########.# .#
#...###S# .#
#.....@)#
.############.#####
...........##.#
##########.##.#
#.##.# #....#
######


You could see an adder.

Vanquished Creatures
  An orc wizard (D:3)
  An adder (D:3)
  3 gnolls
  An ooze (D:3)
  2 dart slugs
  A leopard gecko (D:1)
  4 orcs (D:3)
  3 giant cockroaches
  8 hobgoblins
  A quokka (D:3)
  9 bats
  2 frilled lizards (D:1)
  3 goblins
  4 kobolds (D:1)
  7 rats
50 creatures vanquished.

Notes
Turn   | Place    | Note
-------+----------+-------------------------------------------
     0 | D:1      | inc the Mummy Fire Elementalist began the quest for the
                  | Orb.
     0 | D:1      | Reached XP level 1. HP: 13/13 MP: 4/4
     0 | D:1      | Upgraded the game from 0.22.0-75-g3901e79 to
                  | 0.22.0-78-g6c94d2c
    12 | D:1      | Reached skill level 1 in Conjurations
   206 | D:1      | Reached XP level 2. HP: 19/19 MP: 0/5
  1099 | D:1      | Reached XP level 3. HP: 24/24 MP: 5/7
  1729 | D:2      | Reached XP level 4. HP: 20/30 MP: 1/8
  2202 | D:3      | Found a sparkling altar of Nemelex Xobeh.
  2471 | D:2      | Slain by an adder

Skill      XL: |  1  2  3 |
---------------+----------+-----
Conjurations   | 1 2 3 |  3.2
Spellcasting   | 3 |  3.4
Dodging        | |  1.5
Stealth        | |  1.5
Fire Magic     | |  2.8

Action                   |  1- 3 |  4- 6 || total
-------------------------+-------+-------++-------
Melee: Dagger            |    15 |       ||    15
       Short sword       |     2 |     7 ||     9
 Cast: Flame Tongue      |    62 |    37 ||    99
  Use: Scroll            |     3 |       ||     3
Armor: Robe              |     9 |     9 ||    18
Dodge: Dodged            |    36 |    23 ||    59
